 Dungeon Crawl Stone Soup version 0.17.0-7-gfadd4cc (webtiles) character file.

92 septik the Covered (level 4, -1/29 HPs)
             Began as a Gargoyle Fighter on Nov 9, 2015.
             Killed by divine providence
             ... invoked by an orc priest
              (11 damage)
             ... on level 3 of the Dungeon.
             The game lasted 00:06:07 (2097 turns).

septik the Covered (Gargoyle Fighter)               Turns: 2097, Time: 00:06:07

Health: -1/29      AC: 11    Str: 19    XL:     4   Next: 60%
Magic:  13/13      EV:  7    Int:  9    God:
Gold:   99         SH:  9    Dex: 10    Spells: 0 memorised, 3 levels left

rFire  . . .     SeeInvis .     m - +1 hand axe (elec)
rCold  . . .     Clarity  .     b - +0 scale mail
rNeg   + . .     SustAt   .     c - +0 shield
rPois  ∞         Gourm    .     (no helmet)
rElec  +         Spirit   .     (no cloak)
rCorr  .         Warding  .     (no gloves)
rMut   .         Stasis   .     t - +0 pair of boots
MR     .....                    (no amulet)
Stlth  ..........               (no ring)
                                j - ring of magical power

@: not resistant to hostile enchantments, extremely unstealthy
A: negative energy resistance 1, electricity resistance, unbreathing,
petrification resistance, rot immunity, AC +3
a: no special abilities


You were on level 3 of the Dungeon.
You were not hungry.

You visited 1 branch of the dungeon, and saw 3 of its levels.

You collected 99 gold pieces.

Inventory:

Hand Weapons
 a - a +0 flail
 f - a +1 whip of venom
 m - a +1 hand axe of electrocution (weapon)
 p - a +0 hunting sling
Missiles
 h - 129 stones (quivered)
Armour
 b - a +0 scale mail (worn)
 c - a +0 shield (worn)
 t - a +0 pair of boots (worn)
Jewellery
 j - a ring of magical power (left hand)
Scrolls
 g - 3 scrolls of magic mapping {unknown}
 i - 4 scrolls of identify {unknown}
 k - 2 scrolls of teleportation {unknown}
 l - a scroll of enchant armour {unknown}
 r - 2 scrolls of remove curse {unknown}
Potions
 d - a potion of might
 n - 3 potions of cure mutation {unknown}
 o - a potion of heal wounds {unknown}
 u - a potion of curing {unknown}
Comestibles
 e - 4 bread rations
 q - a beef jerky
 s - 7 chunks of flesh


   Skills:
 + Level 3.7 Fighting
 * Level 1.1(2.1) Axes
 - Level 3.1(3.3) Maces & Flails
 + Level 3.9 Armour
 + Level 3.7 Shields


You had 3 spell levels left.
You didn't know any spells.

Dungeon Overview and Level Annotations

Branches:
Dungeon (3/15)

Altars:
Ru


Innate Abilities, Weirdness & Mutations

You are resistant to torment.
Your stone body is resilient (AC +3).
You are immune to poison.
You resist negative energy.
You are resistant to electric shocks.
You can survive without breathing.
You are immune to petrification.
You are immune to rotting.


Message History

2 orcs come into view.
The orc shouts! x2
You hit the bat.
There is a sudden explosion of sparks!
You kill the bat!
The orc moves out of view.
The orc priest invokes the aid of Beogh against you.
Something smites you!
Found 7 gold pieces.
You closely miss the orc priest. You block the orc priest's attack.
Your shield and scale mail prevent you from hitting the orc priest.
The orc priest mumbles some strange prayers to Beogh against you.
Something smites you!
You are too injured to fight recklessly!
You are too injured to fight recklessly!
You are too injured to fight recklessly!
You hit the orc priest.
There is a sudden explosion of sparks!
The orc priest is severely wounded.
The orc priest invokes the aid of Beogh against you.
Something smites you!
You die...

#..... #.# #..... #.#
##.#.... # ##.#### .. ..
.. #...>.. #.# . ....
#...... #.. . .......
#<..... . #.#. .o....$
#...... .. ###..###o....#
#...... ...#.....@o..#
#...... #............#
#...... #............#
#.##'## #............#
#.##.#
#............#######.##.#
#......##'#.......##+##.##
####### #.#..............#
#.#..............#
#.#...............


You could see an orc priest and an orc.

Vanquished Creatures
  2 adders
  3 worms
  3 giant geckos
  4 giant cockroaches
  9 goblins
  11 hobgoblins
  2 ball pythons (D:1)
  8 bats
  3 giant newts
  10 kobolds
  11 rats
66 creatures vanquished.

Notes
Turn   | Place    | Note
--------------------------------------------------------------
     0 | D:1      | septik the Gargoyle Fighter began the quest for the Orb.
     0 | D:1      | Reached XP level 1. HP: 14/14 MP: 1/1
    83 | D:1      | Reached XP level 2. HP: 16/19 MP: 2/2
   446 | D:1      | Reached XP level 3. HP: 23/23 MP: 3/3
  1224 | D:2      | Found a sacrificial altar of Ru.
  1505 | D:2      | Reached XP level 4. HP: 23/28 MP: 4/4
  1920 | D:3      | Reached skill level 1 in Axes
  2097 | D:3      | Killed from afar by an orc priest

Action                   |  1- 3 |  4- 6 || total
-------------------------+-------+-------++-------
Melee: Flail             |    74 |       ||    74
       Whip              |    22 |       ||    22
       Hand axe          |    18 |    44 ||    62
  Eat: Chunk             |     1 |     3 ||     4
